 Dungeon Crawl Stone Soup version 0.24-a0-201-gf205589 (webtiles) character file.

Game seed: 15804669001290346877

100 Ijustatesigmund the Insei (level 4, -6/31 HPs)
             Began as an Octopode Monk on Mar 21, 2019.
             Mangled by a gnoll
             ... wielding a +0 club
              (11 damage)
             ... on level 2 of the Dungeon.
             The game lasted 00:02:54 (1822 turns).

Ijustatesigmund the Insei (Octopode Monk)           Turns: 1822, Time: 00:02:55

Health: -6/31      AC:  1    Str: 10    XL:     4   Next: 73%
Magic:  4/4        EV: 14    Int: 12    God:
Gold:   99         SH:  0    Dex: 15    Spells: 3/3 levels left

rFire    . . .     SeeInvis .     - Unarmed
rCold    . . .     Gourm    +   (no shield)
rNeg     . . .     Faith    .   (helmet restricted)
rPois    .         Spirit   .   l - amulet of the gourmand
rElec    .         Reflect  .   i - ring of ice (curse)
rCorr    .         Harm     .   g - ring of fire
MR       .....                  p - ring of attention (curse)
Stlth    ++........             (no ring)
HPRegen  0.10/turn              (no ring)
MPRegen  0.09/turn              (no ring)
                                (no ring)
                                (no ring)

@: no status effects
A: almost no armour, stealthy swim, amphibious, 8 rings, constrict 8, camouflage
1, gelatinous body 1
a: no special abilities


You were on level 2 of the Dungeon.
You were hungry.

You visited 1 branch of the dungeon, and saw 2 of its levels.

You collected 99 gold pieces.

Inventory:

Jewellery
 g - a ring of fire (right tentacle)
 i - a cursed ring of ice (left tentacle)
 l - an amulet of the gourmand (around mantle)
 p - a cursed ring of attention (on tentacle)
Potions
 c - 3 potions of curing {unknown}
 d - a potion of invisibility {unknown}
 e - a potion of brilliance {unknown}
 f - a potion of agility {unknown}
 k - a potion of lignification {unknown}
Comestibles
 b - 3 rations


   Skills:
 - Level 3.0 Fighting
   Level 3.0 Maces & Flails
 - Level 3.0 Dodging
 - Level 2.6 Stealth
 + Level 4.2 Unarmed Combat


You had 3 spell levels left.
You didn't know any spells.
Your spell library was empty.

Dungeon Overview and Level Annotations

Branches:
Dungeon (2/15)

Altars:
Ashenzari


Innate Abilities, Weirdness & Mutations

You cannot wear most types of armour.
You are very stealthy in the water. (Stealth+)
You are amphibious.
You can wear up to eight rings at the same time.
You can use your tentacles to constrict eight enemies at once.
Your skin changes colour to match your surroundings (Stealth+).
Your rubbery body absorbs attacks. (AC +1, EV +1)


Message History

The gnoll closely misses you.
You tentacle-slap the gnoll but do no damage.
You grab the gnoll. You squeeze the gnoll.
The gnoll is moderately wounded.
You constrict the gnoll, but do no damage.
You constrict the gnoll. The gnoll barely misses you.
You feel much better.
You constrict the gnoll, but do no damage.
You constrict the gnoll.
You are feeling hungry.
The gnoll closely misses you. The gnoll hits you with a +0 club.
The gnoll barely misses you.
You barely miss the gnoll. You grab the gnoll. You constrict the gnoll. x3
The gnoll hits you with a +0 spear. The gnoll hits you with a +0 club. x2
You tentacle-slap the gnoll.
The gnoll is heavily wounded.
You constrict the gnoll. x3; The gnoll hits you with a +0 spear!
* * * LOW HITPOINT WARNING * * *
The gnoll hits you with a +0 club!
You die...

########################
....)..........ggg.....#
...............#@#***#.#
.##.....##.###...#####.##
.##.#.#.##.# ##..$).....#
......#.##.###########..#
.##.#.....).##...# #..#
.##.....##.....#.# ###..#
.####.####.###...# #....#
...........# ##.## #.##.#
#####.###### #.# #.##.#


You could see 3 gnolls.

Vanquished Creatures
  A howler monkey (D:2)
  A gnoll (D:2)
  2 adders (D:2)
  A worm (D:2)
  2 dart slugs (D:2)
  A giant cockroach (D:2)
  4 goblins
  2 hobgoblins
  4 jackals (D:2)
  A bat (D:1)
  3 frilled lizards
  3 kobolds
  A quokka skeleton (D:2)
  5 rats (D:1)
31 creatures vanquished.

Notes
Turn   | Place    | Note
-------+----------+-------------------------------------------
     0 | D:1      | Ijustatesigmund the Octopode Monk began the quest for the
                  | Orb.
     0 | D:1      | Reached XP level 1. HP: 16/16 MP: 1/1
   348 | D:1      | Reached skill level 1 in Unarmed Combat
   652 | D:1      | Reached XP level 2. HP: 21/21 MP: 2/2
  1089 | D:2      | Found a shattered altar of Ashenzari.
  1097 | D:2      | Reached skill level 2 in Unarmed Combat
  1113 | D:2      | Reached XP level 3. HP: 18/26 MP: 3/3
  1158 | D:2      | Reached skill level 3 in Unarmed Combat
  1158 | D:2      | Reached XP level 4. HP: 20/31 MP: 4/4
  1493 | D:2      | Reached skill level 4 in Unarmed Combat
  1822 | D:2      | Mangled by a gnoll

Levels and vault maps discovered:
D:1:      dpeg_chamrin_arrival_tetris, layout_basic
D:2:      layout_loops_ring, ashenzari_altar_1, grunt_decor_fettered

Skill      XL: |  1  2  3  4 |
---------------+-------------+-----
Unarmed Combat | 1 2 3 4 |  4.2
Fighting       | |  3.0
Maces & Flails | |  3.0
Dodging        | |  3.0
Stealth        | |  2.6

Action                   |  1- 3 |  4- 6 || total
-------------------------+-------+-------++-------
Melee: Unarmed           |    42 |    40 ||    82
       Constrict         |    11 |    14 ||    25
       Tentacles         |     8 |     9 ||    17
  Use: Scroll            |       |     4 ||     4
       Potion            |       |     1 ||     1
 Stab: Sleeping          |     6 |     3 ||     9
  Eat: Chunk             |     1 |     2 ||     3
Armor: Skin              |     1 |     1 ||     2
Dodge: Dodged            |    22 |    21 ||    43

Table legend:
 A = Non-vault XP
 B = Vault XP
 C = Vault XP percentage of total XP
 D = Non-vault monster count
 E = Vault monster count
 F = Vault count percentage of total count
                 A         B        C        D         E       F
            +---------+---------+-------+---------+---------+-------
      Total |     143 |       0 |   0.0 |      31 |       0 |   0.0
            +---------+---------+-------+---------+---------+-------
        D:1 |      16 |       0 |   0.0 |      13 |       0 |   0.0
        D:2 |     127 |       0 |   0.0 |      18 |       0 |   0.0
            +---------+---------+-------+---------+---------+-------
